 Dungeon Sprint DCSS version 0.19-b1-4-gd8a0a2a (webtiles) character file.

606 varam the Grappler (level 7, 0/72 HPs)
             Began as a Troll Fighter on Oct 30, 2016.
             Was an Initiate of Okawaru.
             Slain by Sonja
             ... wielding a +1 short sword of venom
              (3 damage)
             ... in the Dungeon (Sprint I: "Red Sonja").
             The game lasted 00:01:49 (601 turns).

varam the Grappler (Troll Fighter)                   Turns: 601, Time: 00:01:49

Health: 0/72       AC:  5    Str: 25    XL:     7   Next: 19%
Magic:  6/6        EV: 10    Int:  4    God:    Okawaru [......]
Gold:   422        SH: 11    Dex: 11    Spells: 0 memorised, 6 levels left

rFire  . . .     SeeInvis .       - Unarmed
rCold  . . .     Gourm    +     a - +0 robe
rNeg   . . .     Faith    .     b - +0 shield
rPois  .         Spirit   .     (helmet restricted)
rElec  .         Reflect  .     (no cloak)
rCorr  .         Harm     .     (gloves unavailable)
MR     .....     NoTele   +     (boots unavailable)
Stlth  +.........               (no amulet)
                                (no ring)
                                (no ring)

@: lethally poisoned (0 -> -17), slowed, very slow
A: unfitting armour, claws 3, fast metabolism 3, gourmand, regeneration 1,
shaggy fur 1, tough skin 2
a: Renounce Religion


You were in the Dungeon.
You worshipped Okawaru.
Okawaru was noncommittal.
You were completely stuffed.

You visited 1 branch You collected 422 gold pieces.

Inventory:

Armour
 a - a +0 robe (worn)
 b - a +0 shield (worn)
Scrolls
 j - a scroll of blinking
 k - a scroll of enchant armour {unknown}
Potions
 c - a potion of might
 e - a potion of curing {@q1}
 f - a potion of heal wounds
 g - a potion of haste
 h - 2 potions of magic
 i - a potion of berserk rage
Comestibles
 d - 2 bread rations


   Skills:
 + Level 5.6 Fighting
 - Level 2.4 Dodging
 - Level 9.1 Shields
 - Level 10.1 Unarmed Combat


You had 6 spell levels left.
You didn't know any spells.

Dungeon Overview and Level Annotations

Branches:
Dungeon (1/1)

Altars:
Cheibriados
Dithmenos
Elyvilon
Fedhas
Gozag
Hepliaklqana
Kikubaaqudgha
Makhleb
Nemelex Xobeh
Okawaru
Qazlal
Ru
Sif Muna
Trog
Uskayaw
Vehumet
Xom
Yredelemnul
Zin
The Shining One
Jiyva
Lugonu

Shops:
D *

Annotations:
D Sonja


Innate Abilities, Weirdness & Mutations

You are too large for most types of armour.
You have claws for hands.
Your metabolism is lightning-fast.
You like to eat raw meat.
Your natural rate of healing is unusually fast.
You are covered in fur. (AC +1)
You have very tough skin. (AC +2)


Message History

You see here a curare-tipped needle.
You close the door.
You feel very sick.
You start resting.
You feel sick.
Sonja shoots a curare-tipped needle.
The curare-tipped needle hits you.
You are more poisoned.
You have difficulty breathing.
* * * LOW HITPOINT WARNING * * *
You feel as though you will be slow longer.
* * * LOW HITPOINT WARNING * * *
You feel very sick.
Sonja unwields an uncursed blowgun.
Sonja wields an uncursed short sword of venom.
It begins to drip with poison!
Sonja hits you with an uncursed short sword of venom!
* * * LOW HITPOINT WARNING * * *
You are more poisoned.
You block Sonja's attack.
Sonja hits you with an uncursed short sword of venom.
You die...

#<.#..)..#.)'..#__#..+
#..'[.#..'..#..'..'..#
#..#####'#####'#__####
#..####..#...#.####§
#..#__####..##.#≈≈§§
#..#_K___##'#..+≈≈§§
#⌠⌠#_.∩...'..._#≈§§
####_..__##K(#+##+#
#_____###@#
#########(## +$.$+
#$.$# ##(## #+#


You could see Sonja.

Vanquished Creatures
  A slime creature (D)
  A yak (D)
  Sigmund (D)
  An ogre (D)
  A jelly (D)
  Ijyb (D)
6 creatures vanquished.

Notes
Turn   | Place    | Note
-------+----------+-------------------------------------------
     0 | D        | varam the Troll Fighter began the quest for the Orb.
     0 | D        | Reached XP level 1. HP: 22/22 MP: 0/0
     1 | D        | Noticed Ijyb
    10 | D        | Killed Ijyb
    10 | D        | Reached skill level 6 in Unarmed Combat
    10 | D        | Reached XP level 2. HP: 24/29 MP: 1/1
   121 | D        | Noticed an ogre
   126 | D        | Killed an ogre
   126 | D        | Reached skill level 5 in Shields
   126 | D        | Reached skill level 7 in Unarmed Combat
   126 | D        | Reached XP level 3. HP: 18/36 MP: 2/2
   126 | D        | Reached XP level 4. HP: 22/44 MP: 3/3
   258 | D        | Noticed Sigmund
   268 | D        | Killed Sigmund
   268 | D        | Reached skill level 8 in Unarmed Combat
   268 | D        | Reached XP level 5. HP: 30/50 MP: 4/4
   313 | D        | Found a deep blue altar of Sif Muna.
   315 | D        | Found a radiant altar of Vehumet.
   322 | D        | Reached skill level 9 in Unarmed Combat
   322 | D        | Reached XP level 6. HP: 40/59 MP: 5/5
   356 | D        | Found Tigoaggu's General Store.
   356 | D        | Found an ancient bone altar of Kikubaaqudgha.
   356 | D        | Found a hazy altar of Hepliaklqana.
   356 | D        | Found a stormy altar of Qazlal.
   356 | D        | Found a hide-covered altar of Uskayaw.
   356 | D        | Found a blossoming altar of Fedhas.
   356 | D        | Found a bloodstained altar of Trog.
   356 | D        | Found an iron altar of Okawaru.
   356 | D        | Found a basalt altar of Yredelemnul.
   356 | D        | Found a glowing golden altar of the Shining One.
   356 | D        | Found a snail-covered altar of Cheibriados.
   356 | D        | Found a sacrificial altar of Ru.
   356 | D        | Found a glowing silver altar of Zin.
   356 | D        | Found a shadowy altar of Dithmenos.
   356 | D        | Found a white marble altar of Elyvilon.
   356 | D        | Noticed a yak
   362 | D        | Killed a yak
   362 | D        | Reached skill level 10 in Unarmed Combat
   363 | D        | Found an opulent altar of Gozag.
   366 | D        | Found a sparkling altar of Nemelex Xobeh.
   379 | D        | Became a worshipper of Warmaster Okawaru
   407 | D        | Found a burning altar of Makhleb.
   407 | D        | Found a viscous altar of Jiyva.
   407 | D        | Found a shimmering altar of Xom.
   407 | D        | Found a corrupted altar of Lugonu.
   407 | D        | Noticed a slime creature
   413 | D        | Killed a slime creature
   413 | D        | Reached skill level 5 in Fighting
   413 | D        | Reached XP level 7. HP: 43/72 MP: 6/6
   588 | D        | Noticed Sonja
   601 | D        | HP: 3/72 [Sonja/uncursed short sword of venom (8)]
   601 | D        | Slain by Sonja

Skill      XL: |  1  2  3  4  5  6 |
---------------+-------------------+-----
Unarmed Combat | 6 7 8 9 10 | 10.1
Shields        | 5 7 8 9 |  9.1
Fighting       | 5 |  5.6
Dodging        | |  2.4

Action                   |  1- 3 |  4- 6 |  7- 9 || total
-------------------------+-------+-------+-------++-------
Melee: Unarmed           |    12 |    25 |     2 ||    39
  Eat: Chunk             |       |     8 |     3 ||    11
Armor: Robe              |     2 |     4 |     2 ||     8
Dodge: Dodged            |     1 |     4 |     3 ||     8
Block: Shield            |     4 |     5 |     5 ||    14
